 Dungeon Crawl Stone Soup version 0.30-b1-5-g8e6c1be481 (webtiles) character file.

Game seed: 78451867088572382

3 wadad the Sneak (level 1, 0/17 HPs)
             Began as a Draconian Brigand on May 3, 2023.
             Slain by a gnoll
             ... wielding a +0 club
              (3 damage)
             ... on level 1 of the Dungeon.
             The game lasted 00:00:57 (174 turns).

wadad the Sneak (Draconian Brigand)                  Turns: 174, Time: 00:00:58

Health: 0/17       AC:  5    Str: 13    XL:     1   Next: 41%
Magic:  1/1        EV: 11    Int: 11    God:
Gold:   0          SH:  0    Dex: 12    Spells: 0/0 levels left

rFire   . . .        a - +2 dagger
rCold   . . .        (no shield)
rNeg    . . .        (body armour unavailable)
rPois   .            (helmet restricted)
rElec   .            b - +0 cloak
rCorr   .            (no gloves)
SInv    .            (no boots)
Will    .....        (no amulet)
Stlth   ++           (no ring)
HPRegen 0.22/turn    (no ring)
MPRegen 0.07/turn

%: no passive effects
@: no status effects
A: AC +4, unfitting armour, cold-blooded
a: no special abilities


You were on level 1 of the Dungeon.
You visited 1 branch of the dungeon, and saw 1 of its levels.

Inventory:

Hand Weapons
 a - a +2 dagger (weapon)
 f - a +0 spear
 h - a +0 club
 j - a +0 club
 m - a +1 heavy hand axe
Missiles
 c - 9 poisoned darts (quivered)
 d - 3 curare-tipped darts
 k - 3 stones
Armour
 b - a +0 cloak (worn)
Scrolls
 e - a scroll of fog {unknown}
 g - a scroll of immolation {unknown}
 l - a scroll of teleportation {unknown}
 n - 3 scrolls of identify {unknown}
Potions
 i - a potion of curing {unknown}


   Skills:
 + Level 2.1 Fighting
 + Level 2.0 Short Blades
 + Level 1.7 Throwing
 + Level 0.8 Dodging
 + Level 3.8 Stealth


You couldn't memorise any spells.
You didn't know any spells.
Your spell library was empty.

Dungeon Overview and Level Annotations

Branches:
Dungeon (1/15)

Altars:


Innate Abilities, Weirdness & Mutations

Your plain brown scales are hard. (AC +4)
You cannot fit into any form of body armour.
You are cold-blooded and may be slowed by cold attacks.


Message History

l - a scroll labelled ETHUAT KUOG You open the door.
There is an open door here.
Found three items.
A gnoll comes into view. It is wielding a +0 club.
You see here 3 scrolls labelled JAOWIMNYFEO.
You see here a +1 heavy hand axe.
m - a +1 heavy hand axe You see here 3 scrolls labelled JAOWIMNYFEO.
n - 3 scrolls labelled JAOWIMNYFEO The gnoll shouts!
The gnoll hits you but does no damage.
You hit the gnoll.
Your tail-slap misses the gnoll.
The gnoll is moderately wounded.
The gnoll misses you.
You hit the gnoll.
You tail-slap the gnoll, but do no damage.
The gnoll is heavily wounded.
The gnoll barely misses you.
You hit the gnoll.
Your tail-slap misses the gnoll.
The gnoll is heavily wounded.
The gnoll hits you with a +0 club.
You completely miss the gnoll.
The gnoll is heavily wounded.
The gnoll hits you with a +0 club.
You completely miss the gnoll.
The gnoll is heavily wounded.
The gnoll hits you with a +0 club.
* * * LOW HITPOINT WARNING * * *
You hit the gnoll but do no damage.
The gnoll is heavily wounded.
You closely miss the gnoll.
Your tail-slap misses the gnoll.
The gnoll is heavily wounded.
The gnoll hits you with a +0 club.
* * * LOW HITPOINT WARNING * * *
You hit the gnoll but do no damage.
You tail-slap the gnoll, but do no damage.
The gnoll is heavily wounded.
The gnoll hits you with a +0 club.
You die...

##.##..#... #.##..####
#.##...... #.###.####
#.# #.....
.##############.#
######
................####
............###....#
#......@..###........#
###....g### #....#.#.#
####### #....#.# #
#....# # #.?... ......
##......


You could see a gnoll.

Vanquished Creatures
  A quokka (D:1)
  A ball python (D:1)
  A goblin (D:1)
  A kobold (D:1)
4 creatures vanquished.

Notes
Turn   | Place    | Note
-------+----------+-------------------------------------------
     0 | D:1      | wadad the Draconian Brigand began the quest for the Orb.
     0 | D:1      | Reached XP level 1. HP: 17/17 MP: 1/1
   174 | D:1      | Slain by a gnoll

Illustrated notes

Levels and vault maps discovered:
D:1:      saegor_arrival_simple_a, layout_loops_corners,
          hellmonk_ecumenical_altar_zigzags, minmay_split_cup_large

Action                     || total
---------------------------++-------
  Melee: Dagger            ||    23
         Tailslap          ||     3
 Armour: Skin              ||     8
  Dodge: Dodged            ||     7
